 Dungeon Sprint DCSS version 0.23-a0-82-gdf0b57c211 (webtiles) character file.

775 PikkenKukken the Fighter (level 7, -19/71 (73) HPs)
             Began as a Minotaur Fighter on Aug 13, 2018.
             Demolished by a tyrant leech (22 damage)
             ... in the Dungeon (Sprint II: "The Violet Keep of Menkaure").
             The game lasted 00:02:29 (619 turns).

PikkenKukken the Fighter (Minotaur Fighter)          Turns: 619, Time: 00:02:30

HP:   -19/71 (73)   AC:  8    Str: 22    XL:     7   Next: 54%
MP:   6/6           EV:  9    Int:  5    God:
Gold: 729           SH: 12    Dex: 10    Spells: 6/6 levels left

rFire    . . .     SeeInvis .   a - +0 flail
rCold    . . .     Gourm    .   c - +0 shield
rNeg     . . .     Faith    .   b - +0 scale mail
rPois    .         Spirit   .   (helmet restricted)
rElec    .         Reflect  .   (no cloak)
rCorr    .         Harm     .   (no gloves)
MR       .....     NoTele   +   (no boots)
Stlth    ..........             (no amulet)
HPRegen  0.21/turn              (no ring)
MPRegen  0.10/turn              (no ring)

@: berserk cooldown, slowed, very slow
A: retaliatory headbutt, horns 2
a: no special abilities


You were in the Dungeon.
You were not hungry.

You visited 1 branch You collected 729 gold pieces.

Inventory:

Hand Weapons
 a - a +0 flail (weapon)
Armour
 b - a +0 scale mail (worn)
 c - a +0 shield (worn)
Scrolls
 k - a scroll of blinking
Potions
 d - a potion of might
 e - a potion of curing
 g - a potion of heal wounds
 h - a potion of haste
 i - 2 potions of magic
Comestibles
 f - a ration
 l - 5 chunks of flesh


   Skills:
 + Level 10.6 Fighting
 + Level 10.2 Maces & Flails
 + Level 10.5 Armour
 + Level 10.5 Shields


You had 6 spell levels left.
You didn't know any spells.
Your spell library was empty.

Dungeon Overview and Level Annotations

Branches:
Dungeon (1/1)

Altars:
Gozag
Okawaru

Shops:
D %(=[*?%=!=:[}

Annotations:
D exclusions: obsidian statue and oklob plant


Innate Abilities, Weirdness & Mutations

You reflexively headbutt those who attack you in melee.
You have a pair of horns on your head.


Message History

* * * LOW HITPOINT WARNING * * *
The tyrant leech draws strength from your injuries!
Unknown command.
You hit the tyrant leech but do no damage.
You headbutt the tyrant leech.
The tyrant leech is moderately wounded.
You block the tyrant leech's attack.
You sock the tyrant leech! Your headbutt misses the tyrant leech.
The tyrant leech is heavily wounded.
You block the tyrant leech's attack.
Unknown command.
You closely miss the tyrant leech.
The tyrant leech is heavily wounded.
The tyrant leech bites you!
* * * LOW HITPOINT WARNING * * *
The tyrant leech draws strength from your injuries!
You closely miss the tyrant leech.
The tyrant leech is heavily wounded.
The tyrant leech bites you!!
You die...

####+## ##§≈§≈§§§##
##§§≈≈§§SS§# +≈§§§≈§≈§§≈
≈≈≈§≈§§§§ #≈≈≈≈≈S§#
≈≈#+++#+++##
#######≈≈≈.....w@..#
......#≈≈≈≈.##'##..#
.⌠....#≈≈M≈##.#$##.####
∩.∩...#≈≈≈ #.. ..#....#
.∩.∩..#≈≈####w#w ###..##
∩.∩.∩.#≈##.###+###.##..#
...∩.∩#≈#...##.##...#..#
....∩.'≈'##.'.<.'.##'..###
.....∩#≈#...##.####.#....#


You could see a tyrant leech.

Vanquished Creatures
  A tyrant leech (D)
  Menkaure (D)
  4 necrophages (D)
  4 worker ants (D)
  3 worms (D)
13 creatures vanquished.

Vanquished Creatures (others)
  A crocodile (D)
1 creature vanquished.

Grand Total: 14 creatures vanquished

Notes
Turn   | Place    | Note
-------+----------+-------------------------------------------
     0 | D        | PikkenKukken the Minotaur Fighter began the quest for the Orb.
     0 | D        | Reached XP level 1. HP: 19/19 MP: 0/0
    52 | D        | Killed a crocodile
   108 | D        | Noticed a tyrant leech
   108 | D        | Noticed a tyrant leech
   112 | D        | Noticed a necrophage
   112 | D        | Noticed a necrophage
   112 | D        | Noticed a necrophage
   112 | D        | Noticed a necrophage
   118 | D        | Killed a necrophage
   118 | D        | Reached skill level 5 in Maces & Flails
   118 | D        | Reached XP level 2. HP: 26/30 MP: 1/1
   118 | D        | Reached XP level 3. HP: 33/37 MP: 2/2
   118 | D        | Reached XP level 4. HP: 39/44 MP: 3/3
   131 | D        | Killed a necrophage
   131 | D        | Reached XP level 5. HP: 35/50 MP: 4/4
   142 | D        | Killed a necrophage
   142 | D        | Reached XP level 6. HP: 33/60 MP: 5/5
   531 | D        | Found Toigibb's Antique Armour Boutique.
   531 | D        | Found Uvves's Jewellery Shop.
   531 | D        | Found Zifygi's Food Boutique.
   531 | D        | Found Ivoeseap's Jewellery Boutique.
   531 | D        | Found Joycieh's Magic Scroll Shop.
   532 | D        | Found Noschook's Gadget Shop.
   532 | D        | Found Udukhit's Distillery.
   532 | D        | Found Awnosiog's General Store.
   533 | D        | Found Vassouha's Antique Armour Shop.
   533 | D        | Found Mushrock's Jewellery Boutique.
   534 | D        | Found Radwam's Book Boutique.
   535 | D        | Found Xynuri's Antique Weapon Shop.
   535 | D        | Found Iliufaud's Food Boutique.
   535 | D        | Noticed Menkaure
   535 | D        | Noticed an oklob plant
   548 | D        | Killed Menkaure
   548 | D        | Reached XP level 7. HP: 64/69 MP: 6/6
   563 | D        | Noticed an obsidian statue
   577 | D        | Found an iron altar of Okawaru.
   577 | D        | Found an opulent altar of Gozag.
   612 | D        | Killed a tyrant leech
   612 | D        | Reached skill level 10 in Fighting
   612 | D        | Reached skill level 10 in Maces & Flails
   612 | D        | Reached skill level 10 in Armour
   612 | D        | Reached skill level 10 in Shields
   618 | D        | HP: 2/71 [tyrant leech (14)]
   619 | D        | Demolished by a tyrant leech

Vault maps used:
D:        the_violet_keep_of_menkaure

Skill      XL: |  1  2  3  4  5  6  7 |
---------------+----------------------+-----
Fighting       | 6 7 8 9 10 | 10.6
Maces & Flails | 5 7 9 10 | 10.2
Armour         | 6 7 8 9 10 | 10.5
Shields        | 6 7 8 9 10 | 10.5

Action                   |  1- 3 |  4- 6 |  7- 9 || total
-------------------------+-------+-------+-------++-------
Melee: Flail             |    10 |    44 |    24 ||    78
       Headbutt          |     4 |     7 |     4 ||    15
  Use: Potion            |       |       |     1 ||     1
Armor: Scale mail        |     3 |     9 |     2 ||    14
Dodge: Dodged            |       |     6 |     2 ||     8
Block: Shield            |     2 |    16 |     3 ||    21

Table legend:
 A = Non-vault XP
 B = Vault XP
 C = Vault XP percentage of total XP
 D = Non-vault monster count
 E = Vault monster count
 F = Vault count percentage of total count
 G = Total turns spent on level
                 A         B        C        D         E       F
            +---------+---------+-------+---------+---------+-------
      Total |       0 |    1108 | 100.0 |       0 |      13 | 100.0
            +---------+---------+-------+---------+---------+-------
          D |       0 |    1108 | 100.0 |       0 |      13 | 100.0
            +---------+---------+-------+---------+---------+-------
